 Dungeon Crawl Stone Soup version 0.23-a0-577-g2b1de94 (webtiles) character file.

93 Blackhawk the Chopper (level 4, 41/41 HPs)
             Began as a Minotaur Berserker on Dec 14, 2018.
             Was a Believer of Trog.
             Quit the game on level 5 of the Dungeon.
             The game lasted 00:05:18 (2143 turns).

Blackhawk the Chopper (Minotaur Berserker)          Turns: 2143, Time: 00:05:18

Health: 41/41      AC: 11    Str: 23    XL:     4   Next: 36%
Magic:  3/3        EV:  6    Int:  4    God:    Trog [**....]
Gold:   51         SH:  2    Dex:  9    Spells: 3/3 levels left

rFire    . . .     SeeInvis .   a - +0 hand axe
rCold    . . .     Gourm    .   k - +0 buckler
rNeg     . . .     Faith    .   q - +0 plate armour
rPois    .         Spirit   .   (helmet restricted)
rElec    .         Reflect  .   (no cloak)
rCorr    .         Harm     .   (no gloves)
MR       .....                  (no boots)
Stlth    ..........             (no amulet)
HPRegen  0.13/turn              (no ring)
MPRegen  0.08/turn              (no ring)

@: no status effects
A: retaliatory headbutt, horns 2
a: Berserk, Trog's Hand, Renounce Religion


You were on level 5 of the Dungeon.
You worshipped Trog.
Trog was pleased with you.
You were near starving.

You visited 1 branch of the dungeon, and saw 4 of its levels.

You collected 51 gold pieces.

Inventory:

Hand Weapons
 a - a +0 hand axe (weapon)
Missiles
 d - 32 sling bullets
Armour
 b - a +0 animal skin
 i - a +0 chain mail
 k - a +0 buckler (worn)
 q - a +0 plate armour (worn)
Wands
 n - a wand of acid (7)
Scrolls
 e - a scroll of remove curse {unknown}
 h - 7 scrolls of identify {unknown}
 j - a scroll of magic mapping {unknown}
 l - a scroll of fog {unknown}
 p - a scroll of fear {unknown}
Potions
 f - a potion of mutation {unknown}
 m - a potion of resistance {unknown}
 o - a potion of cancellation {unknown}
Comestibles
 c - 7 rations


   Skills:
 + Level 4.4 Fighting
 + Level 4.4 Axes
 + Level 3.4 Armour
 + Level 3.1 Dodging


You had 3 spell levels left.
You didn't know any spells.
Your spell library was empty.

Dungeon Overview and Level Annotations

Branches:
Dungeon (3/15)

Altars:
Ashenzari
Cheibriados
Fedhas
Uskayaw

Annotations:
D:5 Pikel


Innate Abilities, Weirdness & Mutations

You reflexively headbutt those who attack you in melee.
You have a pair of horns on your head.


Message History

You aren't carrying any pieces of jewellery.
Unknown command.
There's nothing to open nearby. (m)acro, (M)acro raw, keymap [(k) default, (x) level-map, (t)argeting, Aborting. (m)acro, (M)acro raw, keymap [(k) default, (x) level-map, (t)argeting, Aborting.
Unknown command.
Unknown command.
Unknown command.
Unknown command.
Unknown command. (m)acro, (M)acro raw, keymap [(k) default, (x) level-map, (t)argeting, Aborting.
Unknown command.
Unknown command.
Unknown command.
Unknown command.
Unknown command.
Are you sure you want to abandon this character and quit the game? (Confirm

###### .
##....##p.
........p
#.....!..
#@.....K.
#....##..
#..a.#
#..."..
#..s.....
.........
.........
#........


You could see Pikel, 2 slaves, a worker ant and a giant cockroach.

Vanquished Creatures
  3 gnolls (D:3)
  2 adders
  An ooze (D:2)
  A worm (D:2)
  A dart slug (D:1)
  A leopard gecko (D:2)
  7 bats
  3 goblins
  3 hobgoblins
  3 jackals (D:1)
  A quokka (D:2)
  A ball python (D:2)
  6 frilled lizards
  6 kobolds
  2 rats (D:2)
41 creatures vanquished.

Notes
Turn   | Place    | Note
-------+----------+-------------------------------------------
     0 | D:1      | Blackhawk the Minotaur Berserker began the quest for the
                  | Orb.
     0 | D:1      | Reached XP level 1. HP: 19/19 MP: 0/0
   343 | D:1      | Reached XP level 2. HP: 19/27 MP: 1/1
  1036 | D:2      | Found a blossoming altar of Fedhas.
  1038 | D:2      | Found a hide-covered altar of Uskayaw.
  1040 | D:2      | Found a snail-covered altar of Cheibriados.
  1103 | D:2      | Reached XP level 3. HP: 33/33 MP: 2/2
  1356 | D:2      | Reached ** piety under Trog
  2027 | D:3      | Reached XP level 4. HP: 40/40 MP: 3/3
  2089 | D:3      | Found a shattered altar of Ashenzari.
  2142 | D:3      | You fall through a shaft for 2 floors!
  2142 | D:5      | Entered Level 5 of the Dungeon
  2142 | D:5      | Noticed Pikel
  2143 | D:5      | Noticed a slave
  2143 | D:5      | Noticed a slave
  2143 | D:5      | Quit the game

Vault maps used:
D:1:      psy_arrival_radial01, minmay_tromino_v4_b
D:2:      gammafunk_temple_overflow_forgotten
D:3:      nicolae_ashenzari_panopticon, lemuel_doored_altar, serial_glass,
          glass_columns_c, glass_columns_a, glass_columns_a,
          chequers_ecumenical_altar_simple
D:5:      first_ration, uniq_pikel

Skill      XL: |  1  2  3 |
---------------+----------+-----
Axes           | 4 |  4.4
Fighting       | 4 |  4.4
Armour         | 3 |  3.4
Dodging        | 3 |  3.1

Action                   |  1- 3 |  4- 6 || total
-------------------------+-------+-------++-------
Melee: Hand axe          |    88 |     5 ||    93
       Headbutt          |    14 |     2 ||    16
Invok: Berserk           |     1 |       ||     1
  Eat: Chunk             |     3 |       ||     3
Armor: Animal skin       |     4 |       ||     4
       Chain mail        |    39 |       ||    39
       Plate armour      |     2 |     2 ||     4
Dodge: Dodged            |    50 |     1 ||    51
Block: Buckler           |     9 |     1 ||    10

Table legend:
 A = Non-vault XP
 B = Vault XP
 C = Vault XP percentage of total XP
 D = Non-vault monster count
 E = Vault monster count
 F = Vault count percentage of total count
                 A         B        C        D         E       F
            +---------+---------+-------+---------+---------+-------
      Total |     132 |       1 |   0.8 |      40 |       1 |   2.4
            +---------+---------+-------+---------+---------+-------
        D:1 |      25 |       1 |   3.8 |      15 |       1 |   6.2
        D:2 |      49 |       0 |   0.0 |      20 |       0 |   0.0
        D:3 |      58 |       0 |   0.0 |       5 |       0 |   0.0
            +---------+---------+-------+---------+---------+-------
